Unix NetHack Version 5.0.0-0 post-release - last build May 17 2026 04:57:42 (dc50c8380fa5e20985bfe3072449f57b8d9895ef,branch:main).

Game began 2026-05-19 08:25:04, ended 2026-05-19 08:47:18.

1212459919, neutral female human Barbarian

                                              ---
                                               .-----
                               ----------------.....--                       |
                               |..)......)...|-).....---             --  ....|
                            ----..----------[|.........|            ........
                            |..*...|       |...........--      .........-
                           --...<.--       |............|  .............|
                           |.))..--       --.....)...................-
                           |..-..|        |..........................|
                           ---...|        |......--.-- ..............-
                            |..|.|        --)...-- --  - .............|
                            |.-|.|         ---..| ---      ...........-
                           --.|-.|           |..---.--       ..........|
                           -..|..|          --.rr|...|         ........|
                         ....|.---          -..r@r.r--         -- .....|
                         -..----            .|.rdr).|               ...|
                         ---               --|..|.---                ---
                                             ------
1212459919 the Pillager    St:18/01 Dx:16 Co:18 In:7 Wi:7 Ch:7  Neutral
Dlvl:3  $:18 HP:0(53) Pw:8(8) AC:3  Xp:4 T:3190  Fainted  Deaf

Latest messages:
 You can hear again.
 The gnome wields an elven dagger!
 Idefix misses the gnome.
 Idefix misses the gnome.
 You kill the gnome!
 There are several objects here.
 You faint from lack of food.
 You dream that you hear a thud.
 The wererat changes into a human.
 The wererat hits!
 The wererat hits!
 The wererat hits!
 The wererat hits!
 The wererat changes into a rat.
 The wererat bites!
 The wererat bites!
 The wererat changes into a human.
 The wererat hits!
 The wererat hits!
 You regain consciousness.
 The wererat changes into a rat.
 The wererat bites!
 You faint from lack of food.
 The wererat bites!
 The wererat bites!
 You feel feverish.
 The wererat summons help!
 A sewer rat suddenly appears next to you!
 A giant rat suddenly appears next to you!
 A giant rat suddenly appears next to you!
 A giant rat suddenly appears next to you!
 A sewer rat suddenly appears next to you!
 The wererat bites!
 Idefix bites the sewer rat.
 Idefix misses the sewer rat.
 The sewer rat bites!
 The giant rat bites!
 The giant rat bites!
 The sewer rat misses!
 The wererat summons help!
 A rabid rat suddenly appears close by!
 The wererat bites!
 Idefix misses the sewer rat.
 The sewer rat bites!
 You die...
 Do you want your possessions identified? [ynq] (y) y
 Do you want to see your attributes? [ynq] (y) y
 Do you want an account of creatures vanquished? [ynaq] (y) y
 Do you want to see your conduct and achievements? [ynq] (y) y
 Do you want to see the dungeon overview? [ynq] (y) y

Inventory:
 Coins    ('$')
  $ - 18 gold pieces
 Weapons  (')')
  b - a +0 axe (weapon in right hand)
  a - a +0 two-handed sword (alternate weapon; not wielded)
 Armor    ('[')
  l - an uncursed +0 dwarvish iron helm (being worn)
  j - a blessed +0 pair of iron shoes (being worn)
  k - an uncursed +0 dwarvish cloak (being worn)
  c - an uncursed +0 ring mail (being worn)
 Comestibles  ('%')
  g - 2 uncursed food rations
  i - a cursed food ration
  f - an uncursed egg
 Tools    ('(')
  h - an uncursed lock pick

1212459919 the Barbarian's attributes:

Background:
 You were a Pillager, a level 4 female human Barbarian.
 You were neutral, nominally on a mission for Crom
 who was opposed by Mitra (lawful) and Set (chaotic).
 You were right-handed.
 You were in the Gnomish Mines, on level 3.
 You entered the dungeon 3190 turns ago.
 There was a new moon in effect when your adventure ended.
 You had 107 experience points, 53 more were needed to attain level 5.

Basics:
 You had 0 out of 53 hit points.
 You had all 8 energy points (spell power).
 Your armor class was 3.
 Your wallet contained 18 zorkmids.
 Autopickup was off.

Final Characteristics:
 Your strength was 18/01 (base:18/02, limit:18/100).
 Your dexterity was 16 (peak:17, limit:18).
 Your constitution was 18 (limit:18).
 Your intelligence was 7 (limit:18).
 Your wisdom was 7 (limit:18).
 Your charisma was 7 (limit:18).

Final Status:
 You were deaf.
 You were fainted due to starvation.
 You were unencumbered.
 You were wielding an axe.
 You had basic skill with axe.

Final Attributes:
 You were piously aligned.
 Your items were somewhat protected from fire.
 Your items were somewhat protected from cold.
 You were poison resistant.
 You were level-drain resistant.
 You were warded.
 You were a wererat.
 You were harmed by silver.
 You are dead.

Miscellaneous:
 You didn't encounter any bones levels.
 Total elapsed playing time was 22 minutes and 12 seconds.

Major events:
 Turn
    1: 1212459919 the neutral female human Barbarian entered the dungeon
 2294: entered the Gnomish Mines
 2314: attained the rank of Pillager (level 3)
 3190: killed by a sewer rat, while fainted from lack of food

You didn't know any spells.

Skills:
 Fighting Skills
   bare handed combat [Basic]
   two weapon combat  [Unskilled]
   riding             [Unskilled]
 Weapon Skills
   dagger             [Unskilled]
   axe                [Basic]
   pick-axe           [Unskilled]
   short sword        [Unskilled]
   broadsword         [Unskilled]
   long sword         [Unskilled]
   two-handed sword   [Basic]
   saber              [Unskilled]
   club               [Unskilled]
   mace               [Unskilled]
   morning star       [Unskilled]
   flail              [Unskilled]
   hammer             [Unskilled]
   quarterstaff       [Unskilled]
   spear              [Unskilled]
   trident            [Unskilled]
   bow                [Unskilled]
 Spellcasting Skills
   attack spells      [Unskilled]
   escape spells      [Unskilled]

Voluntary challenges:
 Character rerolling was not enabled.
 You followed a strict vegan diet.
 You were an atheist.
 You were illiterate.
 You never genocided any monsters.
 You never polymorphed an object.
 You never changed form.
 You used no wishes.
Achievements:
 You entered the Gnomish Mines.
 You attained the rank of Pillager.

 The Dungeons of Doom: levels 1 to 2
    Level 1:
    Level 2:
       An altar to Crom.
       Stairs down to The Gnomish Mines.
 The Gnomish Mines:
    Level 3: <- You were here.
       Final resting place for
          you, killed by a sewer rat, while fainted from lack of food.


Vanquished creatures:
  2 gnome leaders
  2 dwarves
  2 coyotes
  2 hobbits
  2 hobgoblins
  a giant rat
  2 cave spiders
  8 gnomes
  4 garter snakes
  a gecko
  7 jackals
  a fox
  2 kobolds
  4 goblins
  2 grid bugs
  2 lichens
  3 kobold zombies
 11 newts
58 creatures vanquished.

No species were genocided or became extinct.

Game over:
                       ----------
                      /          \
                     /    REST    \
                    /      IN      \
                   /     PEACE      \
                  /                  \
                  |    1212459919    |
                  |      18 Au       |
                  |   killed by a    |
                  |    sewer rat     |
                  |                  |
                  |                  |
                  |       2026       |
                 *|     *  *  *      | *
        _________)/\\_//(\/(/\)/\//\/|_)_______

Goodbye 1212459919 the Barbarian...

You died in The Gnomish Mines on dungeon level 3 with 545 points,
and 18 pieces of gold, after 3190 moves.
You were level 4 with a maximum of 53 hit points when you died.

